 Dungeon Crawl Stone Soup version 0.29.1-15-g9cfb28693d (webtiles) character file.

Game seed: 12179800214002030005

25 Artool the Trooper (level 2, -2/24 HPs)
             Began as a Demonspawn Fighter on Apr 6, 2023.
             Succumbed to an adder's poison
             ... on level 1 of the Dungeon.
             The game lasted 00:01:08 (946 turns).

Artool the Trooper (Demonspawn Fighter)              Turns: 946, Time: 00:01:08

Health: -2/24      AC:  7    Str: 16    XL:     2   Next: 82%
Magic:  2/2        EV:  8    Int:  9    God:
Gold:   44         SH:  4    Dex: 12    Spells: 1/1 levels left

rFire   . . .      SeeInvis .   a - +0 flail
rCold   . . .      Faith    .   c - +0 buckler
rNeg    . . .      Spirit   .   b - +0 scale mail
rPois   .          Reflect  .   (no helmet)
rElec   .          Harm     .   (no cloak)
rCorr   .          Rampage  .   (no gloves)
Will    .....                   l - +0 pair of boots
Stlth   ..........              (no amulet)
HPRegen 0.08/turn               (no ring)
MPRegen 0.08/turn               (no ring)

@: lethally poisoned (-2 -> -9)
A: powered by pain 1
a: no special abilities


You were on level 1 of the Dungeon.
You visited 1 branch of the dungeon, and saw 2 of its levels.

You collected 44 gold pieces.

Inventory:

Hand Weapons
 a - a +0 flail (weapon)
Armour
 b - a +0 scale mail (worn)
 c - a +0 buckler (worn)
 l - a +0 pair of boots (worn)
Scrolls
 f - a scroll of teleportation {unknown}
 g - a scroll of identify {unknown}
 i - a scroll of magic mapping {unknown}
 j - a scroll of fear {unknown}
 m - a scroll of acquirement {unknown}
Potions
 d - a potion of might
 e - a potion of haste {unknown}
 h - a potion of curing {unknown}
 k - a potion of flight {unknown}


   Skills:
 + Level 3.3 Fighting
 + Level 2.2 Maces & Flails
 + Level 3.1 Armour
 - Level 2.6 Shields


You had one spell level left.
You didn't know any spells.
Your spell library contained the following spells:

 Spells                   Type           Power      Damage    Failure   Level
 Foxfire                  Conj/Fire      0%         2x1d4     88%         1
 Conjure Flame            Conj/Fire      0%         6-21      99%         3
 Inner Flame              Hex/Fire       0%         N/A       99%         3
 Flame Wave               Conj/Fire      0%         2d4       100%        4


Dungeon Overview and Level Annotations

Branches:
Dungeon (2/15)

Altars:

Shops:
D:2 !


Innate Abilities, Weirdness & Mutations

You sometimes gain a little power by taking damage.


Message History

You are more poisoned.
The adder poisons you!
You feel sick. You block the adder's attack.
The adder attacks as you move away! The adder closely misses you.
You feel sick.
You feel sick.
You feel sick.
You feel sick. The adder barely misses you. The adder attacks as you move away!
The adder bites you but does no damage.
You feel sick.
You feel sick.
You are no longer poisoned.
The adder bites you. The adder attacks as you move away!
The adder bites you but does no damage.
There is a stone staircase leading up here.
The adder barely misses you.
You climb upwards.
There is a stone staircase leading down here.
You are too injured to fight recklessly!
You are too injured to fight recklessly!
You closely miss the adder. The adder bites you. x2
You are poisoned.
The adder poisons you!
You hit the adder.
The adder is heavily wounded.
You feel sick. You block the adder's attack. The adder bites you.
* * * LOW HITPOINT WARNING * * *
You barely miss the adder.
The adder is heavily wounded.
You feel sick. The adder closely misses you. x2
You barely miss the adder.
The adder is heavily wounded.
You feel sick.
You are no longer poisoned.
The adder bites you.
* * * LOW HITPOINT WARNING * * *
You are lethally poisoned!
The adder poisons you!
You hit the adder.
The adder is almost dead.
You die...

)........##.#
##.##
#####...###.# #.#
# ##.## #.# #.#
######.####.# #.#
.........##.# #>#
.⌠.......##.# #.#
⌠........##.####.#
..............##.#
..........###..S@#
..#####...# #....#
###...#...###[##.#
....8.#.......##.#
......#.....####.#
....###..#### #.#
<...#....# #.#
....#....#
#.##########
....#....#
#..........#


You could see an adder.

Vanquished Creatures
  A worm (D:2)
  2 endoplasms (D:1)
  2 giant cockroaches
  A goblin (D:1)
  A hobgoblin (D:1)
  3 kobolds
  4 ball pythons
  2 bats
  2 frilled lizards (D:1)
  4 rats (D:1)
22 creatures vanquished.

Notes
Turn   | Place    | Note
-------+----------+-------------------------------------------
     0 | D:1      | Artool the Demonspawn Fighter began the quest for the Orb.
     0 | D:1      | Reached XP level 1. HP: 18/18 MP: 1/1
   249 | D:1      | Gained mutation: You sometimes gain a little power by
                  | taking damage. [demonic ancestry]
   249 | D:1      | Reached XP level 2. HP: 24/24 MP: 2/2
   917 | D:2      | Found Buwepebu's Distillery.
   945 | D:1      | HP: 1/24 [adder (2)]
   946 | D:1      | Succumbed to an adder's poison

Illustrated notes

Levels and vault maps discovered:
D:1:      wander_arrival_estate, layout_loops_ring
D:2:      layout_basic, serial_shops, nicolae_shop_statue_plus,
          kennysheep_generic_room_9, uniq_crazy_yiuf_cottage, uniq_robin

Skill      XL: |  1  2 |
---------------+-------+-----
Maces & Flails | 2 |  2.2
Armour         | 3 |  3.1
Fighting       | |  3.3
Shields        | |  2.6

Action                   || total
-------------------------++-------
Melee: Flail             ||    73
Armor: Scale mail        ||    31
Dodge: Dodged            ||    30
Block: Buckler           ||    15
